 Dungeon Crawl Stone Soup version 0.30-a0-972-gf3ab3527aa (webtiles) character file.

Game seed: 5487310186864768168

15750 jasper the Covert (level 12, -7/61 HPs)
             Began as a Spriggan Earth Elementalist on Mar 31, 2023.
             Was an Elder of Vehumet.
             Mangled by a cane toad (17 damage)
             ... on level 1 of the Lair of Beasts.
             The game lasted 00:30:57 (10853 turns).

jasper the Covert (Spriggan Earth Elementalist)    Turns: 10853, Time: 00:30:57

Health: -7/61      AC:  9    Str:  4    XL:     12   Next: 4%
Magic:  17/26      EV: 23    Int: 22    God:    Vehumet [****..]
Gold:   534        SH:  0    Dex: 15    Spells: 20/29 levels left

rFire   . . .      SeeInvis +    k - +0 rapier (drain)
rCold   + . .      Faith    .    (no shield)
rNeg    . . .      Spirit   .    w - +0 steam dragon scales
rPois   .          Reflect  .    (helmet restricted)
rElec   .          Rampage  .    g - +3 cloak of Itorchij {rC+}
rCorr   .                        (gloves unavailable)
Will    ++...                    (boots unavailable)
Stlth   +++++                    i - amulet of regeneration
HPRegen 1.10/turn                (no ring)
MPRegen 0.20/turn                (no ring)

@: lethally poisoned (-7 -> -8), very quick
A: very small, no large weapons, unfitting armour, see invisible, speed 3
a: Renounce Religion


You were on level 1 of the Lair of Beasts.
You worshipped Vehumet.
Vehumet was greatly pleased with you.
You visited 3 branches of the dungeon, and saw 14 of its levels.
You also visited: Ice Cave.

You collected 839 gold pieces.
You spent 305 gold pieces at shops.

Inventory:

Hand Weapons
 k - a +0 rapier of draining (weapon)
 l - a +0 dagger of protection
 p - a +2 rapier of speed
Missiles
 h - 28 poisoned darts
 B - 40 stones
Armour
 a - a +0 robe
 g - the +3 cloak of Itorchij (worn) {rC+}
   (You found it on level 7 of the Dungeon)

   rC:        It protects you from cold.
 w - +0 steam dragon scales (worn)
Jewellery
 i - an amulet of regeneration (around neck)
Wands
 u - a wand of paralysis (12)
 v - a wand of digging (6)
 z - a wand of roots (6)
 A - a wand of flame (29)
 D - a wand of mindburst (9)
Scrolls
 c - 3 scrolls of magic mapping
 d - 3 scrolls of vulnerability
 j - 4 scrolls of teleportation
 s - a scroll of identify
 y - 3 scrolls of fear
 E - 2 scrolls of immolation
 F - a scroll of blinking
Potions
 b - 2 potions of magic
 e - 4 potions of attraction
 f - a potion of might
 m - a potion of resistance
 n - 2 potions of flight
 o - a potion of heal wounds
 q - 5 potions of curing
 r - 3 potions of ambrosia
 t - 5 potions of haste
 x - 3 potions of mutation
 C - 3 potions of brilliance
 G - a potion of degeneration


   Skills:
 + Level 6.0 Fighting
 + Level 10.1 Dodging
 + Level 12.0 Stealth
 + Level 9.3 Spellcasting
 + Level 5.6 Conjurations
 - Level 1.3 Transmutations
 + Level 9.6 Earth Magic
 + Level 5.3 Evocations


You had 20 spell levels left.
You knew the following spells:

 Your Spells              Type           Power      Damage    Failure   Level
a - Sandblast             Erth           100%       2d20      1%          1
b - Passwall              Tmut/Erth      28%        N/A       1%          2
c - Stone Arrow           Conj/Erth      86%        3d12      1%          3
d - Mephitic Cloud        Conj/Pois/Air  18%        N/A       2%          3

Your spell library contained the following spells:

 Spells                   Type           Power      Damage    Failure   Level
 Dazzling Flash           Conj/Hex       44%        N/A       1%          3
 Foxfire                  Conj/Fire      88%        2x1d5     1%          1
 Hailstorm                Conj/Ice       22%        3d7       1%          3
 Poisonous Vapours        Pois/Air       20%        N/A       2%          2
 Ignite Poison            Fire/Tmut/Pois 12%        N/A       4%          3
 Kindle Blastsparks       Fire/Tloc/Air  20%        2d11      5%          3
 Petrify                  Tmut/Erth      34%        N/A       7%          4
 Animate Armour           Summ/Erth      62%        N/A       9%          4
 Leda's Liquefaction      Hex/Erth       15%        N/A       9%          4
 Cigotuvi's Dreadful Rot  Necr/Pois/Air  20%        N/A       10%         2
 Ensorcelled Hibernation  Hex/Ice        20%        N/A       10%         2
 Fireball                 Conj/Fire      11%        3d7       16%         5
 Call Canine Familiar     Summ           10%        N/A       19%         3
 Ozocubu's Armour         Ice            10%        N/A       19%         3
 Portal Projectile        Hex/Tloc       20%        N/A       19%         3
 Swiftness                Air            10%        N/A       19%         3
 Ice Form                 Ice/Tmut       13%        N/A       43%         4
 Dispel Undead            Necr           10%        3d9       54%         4
 Starburst                Conj/Fire      11%        6d5       58%         6
 Lehudib's Crystal Spear  Conj/Erth      21%        10d6      98%         8
 Death Channel            Necr           5%         N/A       100%        6
 Simulacrum               Ice/Necr       5%         N/A       100%        6
 Ozocubu's Refrigeration  Ice            5%         4d8       100%        7


Dungeon Overview and Level Annotations

Branches:
Dungeon (12/15)            Temple (1/1) D:5            Lair (1/5) D:9
    Orc (0/2) D:11          IceCv (visited)

Altars:
Ashenzari
Cheibriados
Dithmenos
Elyvilon
Fedhas
Gozag
Hepliaklqana
Kikubaaqudgha
Makhleb
Nemelex Xobeh
Okawaru
Qazlal
Ru
Sif Muna
Trog
Uskayaw
Vehumet
Wu Jian
Xom
Yredelemnul
Zin
The Shining One

Shops:
D:8 *

Portals:
Trove: D:11 (show slimy rune of Zot)

Annotations:
D:5 exclusion: killer bee
D:7 Dowan, Duvessa
D:10 2 transporters, kazekaze's ghost, journeyman MiBe


Innate Abilities, Weirdness & Mutations

You are very small and have problems with some larger weapons.
You are too small for most types of armour.
You have supernaturally acute eyesight. (SInv)
You cover ground extremely quickly. (Speed+++)


Message History

The cane toad barely misses you.
You take 7 damage, and have 36/61 hp.
Aiming: Sandblast (safe; 1% risk of failure)
Press: ? - help, Q - select action, (/) - cycle Shift-Dir - straight line, f/p - blink frog
Aim: a blink frog (almost dead, 74% to hit)
The blast of sand hits the blink frog!
You kill the blink frog!
Vehumet accepts your kill.
You feel your power returning. The blink frog completely misses you.
The cane toad stings you!
You are poisoned.
The cane toad poisons you! The blink frog closely misses you.
Your Stealth skill increases to level 12!
You take 5 damage, and have 31/61 hp.
You regained 2 mp, and now have 18/26 mp.
Aiming: Sandblast (safe; 1% risk of failure)
Press: ? - help, Q - select action, (/) - cycle Shift-Dir - straight line, f - cane toad
Aim: a cane toad (87% to hit)
The blast of sand hits the cane toad!
The cane toad is heavily wounded.
You feel very sick.
The blink frog blinks!
The blink frog hits you!
* * * LOW HITPOINT WARNING * * *
The cane toad barely misses you. The cane toad completely misses you.
The blink frog misses you.
You take 18 damage, and have 13/61 hp.
MASSIVE DAMAGE!!
You now have 17/26 mp.
You feel sick.
You take 2 damage, and have 11/61 hp.
You feel sick.
There is a stone staircase leading down here.
You feel sick.
The blink frog blinks!
You feel sick.
You take 1 damage, and have 10/61 hp.
Aiming: Sandblast (safe; 1% risk of failure)
Press: ? - help, Q - select action, (/) - cycle Shift-Dir - straight line, f/p - cane toad
Aim: a cane toad (heavily wounded, 87% to hit)
The blast of sand hits the cane toad!!
The cane toad is almost dead.
You feel sick.
The blink frog blinks!
The cane toad stings you!
You die...

......>..#..##...## #..........#
......#.#...P###..###..........#
.#...##......# ##..............#
##...##.....P# ###.............##
##..##......P###<..............P#
#..###....####P....#..##.......#
#..# ###### #..>...#..#...^..##
##.## #.F....##........# #..#
#.@....^...#..P..# #..#
#.........###...### #.##
#.........# ###..P# ...#
#..ยง.......# #..## .###
............ ##..# .#
##........### ###.## .#
##..F...## ####....# .# #.....##
##.......# ## #.# ##.......##


You could see a cane toad and a blink frog.

Vanquished Creatures
  Erica (D:8)
  4 two-headed ogres
  An orc knight (D:11)
  An ugly thing (IceCv)
  A cyclops (D:11)
  Joseph (D:8)
  A gargoyle (D:10)
  2 komodo dragons
  Maggie (D:7)
  A freezing wraith (D:11)
  An unseen horror (D:11)
  2 guardian mummies (D:11)
  A troll (D:10)
  3 blink frogs (Lair:1)
  20 yaks
  A vampire (D:12)
  2 wraiths
  A dire elephant simulacrum (IceCv)
  Eustachio (D:4)
  An acid dragon (D:11)
  3 water moccasins
  4 orc warriors (D:11)
  A black bear (D:5)
  5 wolves (Lair:1)
  2 ogres
  A phantom (D:5)
  7 centaurs
  A kobold brigand (D:9)
  5 bullfrogs
  6 scorpions
  2 cane toad simulacra (IceCv)
  5 wights (D:6)
  An elephant simulacrum (IceCv)
  9 killer bees (D:8)
  An electric eel (D:6)
  9 howler monkeys
  4 hounds
  6 orc priests
  A sleepcap (D:5)
  5 iguanas
  4 orc wizards
  A polar bear simulacrum (IceCv)
  11 gnolls
  8 adders
  3 white imps
  An ufetubus (D:6)
  A worm (D:5)
  3 dart slugs
  43 orcs
  5 endoplasms
  3 giant cockroaches
  10 goblins
  6 hobgoblins
  4 quokkas
  7 ball pythons
  6 bats
  14 kobolds
  4 rats
259 creatures vanquished.

Vanquished Creatures (collateral kills)
  A killer bee (D:8)
1 creature vanquished.

Vanquished Creatures (others)
  A killer bee (D:8)
  2 orcs (D:7)
  A fungus (Lair:1)
  19 plants
23 creatures vanquished.

Grand Total: 283 creatures vanquished

Notes
Turn   | Place    | Note
-------+----------+-------------------------------------------
     0 | D:1      | jasper the Spriggan Earth Elementalist began the quest for
                  | the Orb.
     0 | D:1      | Reached XP level 1. HP: 9/9 MP: 5/5
   214 | D:1      | Reached XP level 2. HP: 13/13 MP: 4/6
   564 | D:1      | Learned a level 2 spell: Passwall
  1082 | D:2      | Found a hide-covered altar of Uskayaw.
  1139 | D:2      | Reached XP level 3. HP: 17/17 MP: 6/8
  1143 | D:2      | Learned a level 3 spell: Stone Arrow
  1389 | D:2      | Reached XP level 4. HP: 15/21 MP: 2/9
  1403 | D:2      | Reached skill level 4 in Stealth
  1753 | D:3      | Reached skill level 1 in Fighting
  2100 | D:3      | Reached XP level 5. HP: 19/25 MP: 4/11
  2177 | D:3      | Noticed an ogre
  2211 | D:3      | Killed an ogre
  2212 | D:3      | Reached skill level 1 in Conjurations
  2559 | D:4      | Reached XP level 6. HP: 7/30 MP: 5/12
  2981 | D:4      | Reached skill level 5 in Stealth
  3003 | D:4      | Noticed Eustachio
  3066 | D:4      | Killed Eustachio
  3067 | D:4      | Reached XP level 7. HP: 18/35 MP: 7/14
  3600 | D:4      | Found a blossoming altar of Fedhas.
  3645 | D:5      | Entered Level 5 of the Dungeon
  3740 | D:5      | Found a staircase to the Ecumenical Temple.
  3773 | Temple   | Entered the Ecumenical Temple
  3781 | Temple   | Became a worshipper of Vehumet
  3919 | D:5      | You fall into a shaft and drop 2 floors!
  3925 | D:7      | Identified the +3 cloak of Itorchij {rC+}
  3971 | D:7      | Identified a scroll of acquirement
  3971 | D:7      | Acquired an amulet of regeneration
  4264 | D:5      | Reached skill level 5 in Earth Magic
  4369 | D:5      | Reached skill level 5 in Dodging
  4369 | D:5      | Reached skill level 6 in Stealth
  4649 | D:6      | Reached skill level 5 in Spellcasting
  4649 | D:6      | Reached XP level 8. HP: 7/39 MP: 12/16
  4742 | D:6      | Found an ornate altar of the Wu Jian Council.
  4772 | D:6      | Found an opulent altar of Gozag.
  4997 | D:6      | Reached skill level 7 in Stealth
  5692 | D:7      | Reached * piety under Vehumet
  5692 | D:7      | Offered knowledge of Freeze by Vehumet.
  5781 | D:7      | Noticed Maggie
  5800 | D:7      | Reached XP level 9. HP: 44/44 MP: 4/18
  5933 | D:7      | Killed Maggie
  6177 | D:7      | Reached skill level 8 in Stealth
  6389 | D:7      | Noticed Duvessa
  6389 | D:7      | Noticed Dowan
  6450 | D:8      | Found Peicahyrphe's Assorted Antiques.
  6465 | D:8      | Bought a viscous silvery potion for 25 gold pieces
  6465 | D:8      | Bought a scroll of teleportation for 84 gold pieces
  6465 | D:8      | Bought a forked iron wand for 112 gold pieces
  6465 | D:8      | Bought a scroll labelled SIROZI MODUSTO for 28 gold pieces
  6465 | D:8      | Bought a scroll of identify for 56 gold pieces
  6497 | D:8      | Noticed Erica
  6505 | D:8      | Killed Erica
  6675 | D:8      | Noticed Joseph
  6814 | D:8      | Killed Joseph
  7061 | D:9      | Noticed a two-headed ogre
  7082 | D:9      | Killed a two-headed ogre
  7083 | D:9      | Reached skill level 9 in Stealth
  7083 | D:9      | Reached XP level 10. HP: 50/50 MP: 15/21
  7170 | D:9      | Found a staircase to the Lair.
  7398 | D:9      | Offered knowledge of Scorch by Vehumet.
  7402 | D:9      | Reached ** piety under Vehumet
  7636 | D:10     | Entered Level 10 of the Dungeon
  7744 | D:10     | Noticed a gargoyle
  7761 | D:11     | Noticed a two-headed ogre
  7770 | D:11     | Killed a two-headed ogre
  7779 | D:11     | Reached skill level 10 in Stealth
  7815 | D:11     | Noticed a cyclops
  7831 | D:11     | Reached skill level 1 in Evocations
  7835 | D:11     | Reached skill level 5 in Fighting
  7864 | D:11     | Killed a cyclops
  7899 | D:11     | Noticed a two-headed ogre
  7912 | D:11     | Killed a two-headed ogre
  7913 | D:11     | Reached XP level 11. HP: 55/55 MP: 20/24
  7994 | D:11     | Found a frozen archway.
  8004 | IceCv    | Entered an ice cave
  8004 | IceCv    | Noticed a white ugly thing
  8017 | IceCv    | Killed a white ugly thing
  8030 | IceCv    | Found a transporter.
  8035 | IceCv    | HP: 2/56 [dire elephant simulacrum (2)]
  8037 | IceCv    | Found a transporter.
  8114 | IceCv    | Got the Octavo of Flaming Battling
  8264 | D:11     | Noticed an orc knight
  8307 | D:11     | Offered knowledge of Hailstorm by Vehumet.
  8465 | D:11     | Reached *** piety under Vehumet
  8534 | D:11     | Found a staircase to the Orcish Mines.
  8639 | D:11     | Reached skill level 5 in Conjurations
  8640 | D:11     | Offered knowledge of Mephitic Cloud by Vehumet.
  8648 | D:11     | Learned a level 3 spell: Mephitic Cloud
  8673 | D:11     | Reached skill level 11 in Stealth
  8899 | D:11     | Found a portal to a secret trove of treasure.
  9087 | D:11     | Noticed an orc knight
  9112 | D:11     | Killed an orc knight
  9316 | D:12     | Noticed a skeletal warrior
  9316 | D:12     | Noticed a skeletal warrior
  9342 | D:10     | Noticed a two-headed ogre
  9510 | D:11     | Killed a two-headed ogre
  9749 | D:10     | Reached **** piety under Vehumet
  9880 | D:10     | Found an iron altar of Okawaru.
  9911 | D:10     | Found a transporter.
  9931 | D:10     | Found a hide-covered altar of Uskayaw.
  9937 | D:10     | Found a shimmering blue altar of Sif Muna.
  9942 | D:10     | Found a bloodstained altar of Trog.
  9969 | D:10     | Noticed kazekaze's ghost (journeyman MiBe)
  9971 | D:10     | Found a transporter.
 10016 | D:10     | Offered knowledge of Dazzling Flash by Vehumet.
 10328 | D:8      | Reached skill level 5 in Evocations
 10419 | D:8      | Reached skill level 10 in Dodging
 10624 | Lair:1   | Entered Level 1 of the Lair of Beasts
 10836 | Lair:1   | Reached XP level 12. HP: 61/61 MP: 18/26
 10848 | Lair:1   | Reached skill level 12 in Stealth
 10853 | Lair:1   | Mangled by a cane toad

Illustrated notes

Levels and vault maps discovered:
D:1:      dpeg_arrival_morbid_curiosity, layout_rooms
D:2:      layout_rooms, basic_altar, serial_curves, eino_curves_03,
          eino_curves_04, corexii_item_surrounded_by_moat
D:3:      minmay_evil_eye, layout_rooms
D:4:      nicolae_BIG_FREAKIN_CUBE, layout_cave_pools, general_overflow_altar,
          corexii_checkpoint_b, minmay_vboxes, uniq_eustachio
D:5:      layout_rooms, temple_green
D:6:      layout_loops_cross, nicolae_overflow_squiral,
          nicolae_underground_beach
D:7:      layout_rooms, uniq_duvessa, uniq_maggie
D:8:      layout_gridville, serial_shops, shop_statue, uniq_erica, uniq_joseph
D:9:      layout_rooms, david_lair_shrubbed, minmay_misc_feat_room
D:10:     layout_cave_pools, minmay_overflow_temple_star_quad,
          mainiacjoe_overflow_brackets, gammafunk_ghost_arena
D:11:     layout_small_grid, david_orc_5, nicolae_trove_entry_path_of_doom,
          portal_ice_cave_entry_pillars_1, hangedman_abyss_or_decor_stagger
D:12:     layout_basic, uniq_frances, uniq_rupert
Temple:   nicolae_temple_no_exploring_needed
Lair:1:   layout_cave_pods, cheibrodos_lair_lostbears

Skill      XL: |  1  2  3  4  5  6  7  8  9 10 11 12 |
---------------+-------------------------------------+-----
Spellcasting   | 3 4 5 7 8 9 |  9.3
Earth Magic    | 3 4 5 6 7 8 9 |  9.6
Dodging        | 3 4 5 6 7 8 10 | 10.1
Stealth        | 4 5 6 7 9 10 11 12 | 12.0
Fighting       | 1 2 3 4 5 6 |  6.0
Conjurations   | 1 2 3 4 5 |  5.6
Evocations     | 2 5 |  5.3
Transmutations | |  1.3

Action                     |  1- 3 |  4- 6 |  7- 9 | 10-12 || total
---------------------------+-------+-------+-------+-------++-------
  Melee: Rapier            |       |     4 |     2 |     7 ||    13
  Throw: Dart              |       |     2 |       |       ||     2
   Cast: Sandblast         |    52 |    87 |   195 |   221 ||   555
         Stone Arrow       |       |       |     7 |    47 ||    54
         Mephitic Cloud    |       |       |       |     3 ||     3
  Evoke: Wand              |       |       |     4 |     4 ||     8
    Use: Scroll            |     3 |     8 |     9 |     6 ||    26
         Potion            |       |       |       |     1 ||     1
   Stab: Sleeping          |       |       |     1 |       ||     1
 Armour: Robe              |       |     2 |     3 |       ||     5
         Steam dragon scal |       |       |     3 |    28 ||    31
  Dodge: Dodged            |     4 |    31 |    75 |   167 ||   277

Table legend: (Time is in decaauts)
 A = Elapsed time spent in this place.
 B = Non-inter-level travel time spent in this place.
 C = Inter-level travel time spent in this place.
 D = Time resting spent in this place.
 E = Time spent auto-exploring this place.
 F = Levels seen in this place.
 G = Mean time per level.
                   A        B        C        D        E       F      G
               +--------+--------+--------+--------+--------+-----+--------+
         Total |   8551 |   8168 |    383 |   1096 |   5038 |  15 |  570.1 |
       Dungeon |   8150 |   7777 |    373 |    952 |   4918 |  12 |  679.2 |
        Temple |    111 |    103 |      8 |    100 |      0 |   1 |  111.0 |
          Lair |    176 |    176 |      0 |      0 |    120 |   1 |  176.0 |
      Ice Cave |    113 |    113 |      0 |     44 |      0 |   1 |  113.0 |
               +--------+--------+--------+--------+--------+-----+--------+

Top non-repeatable levels by time:
    D:11: 1375 daAuts
     D:6: 930 daAuts
     D:4: 854 daAuts
     D:8: 763 daAuts
     D:3: 760 daAuts
     D:1: 732 daAuts
     D:7: 629 daAuts
     D:2: 554 daAuts
     D:5: 529 daAuts
     D:9: 498 daAuts
    D:10: 408 daAuts
  Lair:1: 176 daAuts
    D:12: 113 daAuts
   IceCv: 113 daAuts
  Temple: 111 daAuts
